 Dungeon Crawl Stone Soup version 0.23.2-1-ga50397a (webtiles) character file.

Game seed: 5973416253673900240

27 Iscandelvey the Vexing (level 2, -1/21 HPs)
             Began as a Demonspawn Arcane Marksman on Apr 17, 2019.
             Slain by Natasha (2 damage)
             ... on level 1 of the Dungeon.
             The game lasted 00:00:27 (738 turns).

Iscandelvey the Vexing (Demonspawn Arcane Marksman)  Turns: 738, Time: 00:00:28

Health: -1/21      AC:  2    Str: 10    XL:     2   Next: 93%
Magic:  3/3        EV: 12    Int: 14    God:
Gold:   87         SH:  0    Dex: 13    Spells: 2/3 levels left

rFire    . . .     SeeInvis .   a - +0 hand crossbow
rCold    . . .     Gourm    .   (no shield)
rNeg     . . .     Faith    .   e - +0 robe
rPois    .         Spirit   .   (no helmet)
rElec    .         Reflect  .   (no cloak)
rCorr    .         Harm     .   (no gloves)
MR       .....                  (no boots)
Stlth    +.........             (no amulet)
HPRegen  0.07/turn              (no ring)
MPRegen  0.08/turn              (no ring)

@: no status effects
A: powered by pain 1
a: no special abilities


You were on level 1 of the Dungeon.
You were not hungry.

You visited 1 branch of the dungeon, and saw 2 of its levels.

You collected 87 gold pieces.

Inventory:

Hand Weapons
 a - a +0 hand crossbow (weapon)
Missiles
 d - 12 bolts (quivered)
Armour
 e - a +0 robe (worn)
Jewellery
 k - an uncursed amulet of the acrobat {unknown}
Scrolls
 c - 2 scrolls of remove curse {unknown}
 i - a scroll of amnesia {unknown}
Potions
 b - a potion of agility {unknown}
 g - 2 potions of curing {unknown}
 h - a potion of berserk rage {unknown}
 j - a potion of haste {unknown}
 l - a potion of flight {unknown}
 m - a potion of magic {unknown}
 n - a potion of degeneration {unknown}
Comestibles
 f - 4 rations


   Skills:
 + Level 1.0 Fighting
 + Level 2.3 Crossbows
 + Level 1.9 Dodging
 + Level 1.0 Spellcasting
 + Level 3.6 Hexes


You had 2 spell levels left.
You knew the following spells:

 Your Spells              Type           Power        Failure   Level  Hunger
a - Corona                Hex            ##.....      6%          1    ##.....

Your spell library contained the following spells:

 Spells                   Type           Power        Failure   Level  Hunger
 Slow                     Hex            ##......     9%          2    ###....
 Inner Flame              Hex/Fire       #.......     36%         3    ####...
 Portal Projectile        Hex/Tloc       #.....       36%         3    ####...
 Cause Fear               Hex            ##........   50%         4    #####..
 Leda's Liquefaction      Hex/Erth       #.........   77%         4    #####..


Dungeon Overview and Level Annotations

Branches:
Dungeon (2/15)

Altars:
Dithmenos

Annotations:
D:1 Natasha


Innate Abilities, Weirdness & Mutations

You sometimes gain a little power by taking damage.


Message History

The jackal closely misses you.
You climb upwards.
There is a stone staircase leading down here.
Unknown command.
You are too injured to fight recklessly!
You are too injured to fight recklessly!
Firing (i - inventory)
d - 14 bolts (quivered)
Press: ? - help, Shift-Dir - straight line, f - Natasha
Aim: Natasha (heavily wounded)
You shoot a bolt.
The bolt hits Natasha but does no damage.
Natasha is heavily wounded.
Natasha casts a spell at you. The magic dart hits you.
* * * LOW HITPOINT WARNING * * *
Firing (i - inventory)
d - 13 bolts (quivered)
Press: ? - help, Shift-Dir - straight line, f/p - Natasha
Aim: Natasha (heavily wounded)
You shoot a bolt. The bolt barely misses Natasha.
Natasha claws you.
You die...

#.# #.#.#######...###.# #.#
#.#.).............# #.#
#†#########...(...# #.####
#.# ###.##### #....# #.#
#.# ####.# #.# #.# #.####
#.# #.# #....# #.###### #.#
####.# #(.h@..# #.# #.#
######.# #.# ## #.###
###.### #.# .# #...##
#.....# #.# .# #.#..#
##.....####.#
.##########'###...........#
.......##.....##..)..######
#.######.......#.....#
...#####.......#.#####


You could see Natasha.

Vanquished Creatures
  2 leopard geckos (D:1)
  A giant cockroach (D:1)
  2 hobgoblins (D:1)
  2 bats (D:1)
  5 frilled lizards (D:1)
  6 goblins (D:1)
  5 kobolds (D:1)
  A rat (D:1)
24 creatures vanquished.

Notes
Turn   | Place    | Note
-------+----------+-------------------------------------------
     0 | D:1      | Iscandelvey the Demonspawn Arcane Marksman began the quest
                  | for the Orb.
     0 | D:1      | Reached XP level 1. HP: 15/15 MP: 2/2
   163 | D:1      | Found a shadowy altar of Dithmenos.
   171 | D:1      | Gained mutation: You sometimes gain a little power by
                  | taking damage. [demonic ancestry]
   171 | D:1      | Reached XP level 2. HP: 21/21 MP: 3/3
   731 | D:2      | Noticed Natasha
   737 | D:1      | HP: 1/21 [Natasha/magic dart (4)]
   738 | D:1      | Slain by Natasha

Skill      XL: |  1  2 |
---------------+-------+-----
Crossbows      | 2 |  2.3
Fighting       | |  1.0
Dodging        | |  1.9
Spellcasting   | |  1.0
Hexes          | |  3.6

Action                   || total
-------------------------++-------
 Fire: Hand crossbow     ||    45
Armor: Robe              ||     2
Dodge: Dodged            ||     2
